AoeStats
← zeos0708

Fortress

509778957Analyzed
4v4 RM · 5d ago on Sep 28, 2026· 37m 8s· 8 players
Game mode
Random Map
Map size
Huge
Population
200
Speed
Normal
Resources
Standard
Victory
Conquest
Starting age
Dark Age
Ending age
Imperial Age
RankedLock teamsTeams togetherTeam positionsShared explorationLock speedFull tech treeHidden civsTurbo modeCheats
Victory
Defeat
🇦🇷 Spanish · Argentina
924
+11
🇨🇳 Huns · China
852
+14
🇭🇺 Britons · Hungary
829
+15
🇺🇸 Huns · United States
809
+16
🇨🇴 Saxons · Colombia
909
-17
🇨🇿 Mongols · Czechia
781
-13
🇳🇿 Malay · New Zealand
775
-13
🇺🇸 Franks · United States
774
-13
卢本伟
9:08 Feudal Age
12:55 Castle Age
11:25 Horse Collar
11:32 Double-Bit Axe
15:43 Heavy Plow
17:06 Bow Saw
17:59 Wheelbarrow
19:59 Hand Cart
20:36 Gold Mining
23:41 Gold Shaft Mining
27:32 Imperial Age
26:43 Forging
26:39 Scale Barding Armor
26:37 Marauders
28:25 Stone Mining
29:46 Two-Man Saw
28:08 Elite Tarkan
29:08 Conscription
29:59 Bloodlines
29:50 Husbandry
29:11 Light Cavalry
31:05 Chain Barding Armor
31:20 Iron Casting
32:35 Plate Barding Armor
34:12 Blast Furnace
ABSENT007
3:10 Loom
10:15 Feudal Age
10:36 Horse Collar
10:42 Double-Bit Axe
10:50 Gold Mining
12:10 Stone Mining
13:37 Wheelbarrow
20:04 Castle Age
20:21 Bloodlines
20:19 Scale Barding Armor
20:24 Forging
20:55 Forging
22:19 Husbandry
22:42 Chain Barding Armor
24:15 Iron Casting
26:02 Heavy Plow
26:42 Bow Saw
27:12 Gold Shaft Mining
26:58 Marauders
29:55 Hand Cart
zeos0708
7:03 Feudal Age
7:31 Town Watch
10:34 Double-Bit Axe
14:43 Castle Age
12:30 Horse Collar
13:11 Gold Mining
15:42 Bow Saw
17:01 Padded Archer Armor
18:08 Wheelbarrow
21:24 Fletching
29:48 Imperial Age
32:26 Chemistry
38:25 Two-Man Saw
juhamate7
7:52 Feudal Age
11:50 Castle Age
15:16 Double-Bit Axe
19:57 Loom
21:37 Fervor
23:12 Bow Saw
24:53 Wheelbarrow
24:44 Fletching
24:54 Padded Archer Armor
27:21 Scale Mail Armor
32:16 Horse Collar
36:22 Imperial Age
33:19 Pikeman
33:44 Gambesons
34:00 Squires
34:19 Town Watch
36:37 Elite Longbowman
36:52 Halberdier
UBERBULLET
10:23 Feudal Age
12:33 Wheelbarrow
11:58 Double-Bit Axe
12:18 Gold Mining
15:20 Castle Age
18:50 Elite Skirmisher
29:36 Bow Saw
33:42 Fletching
Novic
2:53 Loom
9:01 Feudal Age
10:03 Feudal Age
26:42 Castle Age
25:05 Gold Mining
25:05 Stone Mining
24:58 Horse Collar
26:03 Forging
25:45 Fletching
25:56 Padded Archer Armor
26:44 Double-Bit Axe
30:03 Imperial Age
28:36 Bodkin Arrow
28:56 Leather Archer Armor
29:11 Bow Saw
29:10 Heavy Plow
30:32 Bloodlines
30:23 Husbandry
30:26 Murder Holes
31:11 Bracer
31:43 Parthian Tactics
33:39 Ballistics
33:52 Caravan
36:39 Chemistry
Barbaricci
7:30 Feudal Age
7:51 Horse Collar
7:57 Double-Bit Axe
9:31 Loom
15:12 Castle Age
13:08 Gold Mining
13:10 Stone Mining
16:04 Bow Saw
16:08 Heavy Plow
20:54 Imperial Age
19:24 Wheelbarrow
20:30 Scale Mail Armor
20:40 Forging
24:17 Fletching
24:49 Hand Cart
25:05 Bodkin Arrow
25:26 Chain Mail Armor
26:13 Squires
27:30 Bracer
27:31 Padded Archer Armor
27:59 Elite Skirmisher
30:23 Conscription
30:48 Plate Mail Armor
34:06 Shield Wall
34:34 Arson
37:23 Fortified Wall
37:09 Murder Holes
xxx_Panther_xxx1
6:36 Loom
8:22 Feudal Age
7:08 Loom
9:05 Feudal Age
14:17 Castle Age
12:16 Double-Bit Axe
12:31 Horse Collar
18:35 Imperial Age
16:35 Bow Saw
19:48 Scale Barding Armor
20:09 Heavy Plow
24:55 Husbandry
29:39 Forced Levy
29:02 Man-at-Arms
29:59 Long Swordsman
30:53 Forging
31:01 Squires
31:48 Two-Handed Swordsman
33:15 Arson
34:08 Pikeman
36:54 Iron Casting
36:00 Halberdier
Connection lost

Rejoining the realm…

Still unreachable

The connection could not be restored.

Session expired

The server has moved on; the page needs a fresh start.